 Dungeon Crawl Stone Soup version 0.28-a0-477-g0b43c73ce0 (webtiles) character file.

Game seed: 8633706775757243279

251508 Dabor the Impaler (level 20, -30/164 HPs)
             Began as a Formicid Abyssal Knight on Sept 17, 2021.
             Was the Champion of Lugonu.
             Killed from afar by a deep elf high priest (39 damage)
             ... with damnation
             ... on level 3 of the Elven Halls.
             The game lasted 02:34:11 (55269 turns).

Dabor the Impaler (Formicid Abyssal Knight)        Turns: 55269, Time: 02:34:11

Health: -30/164    AC: 29    Str: 25    XL:     20   Next: 45%
Magic:  30/30      EV: 11    Int: 16    God:    Lugonu [******]
Gold:   1930       SH: 28    Dex: 15    Spells: 19/19 levels left

rFire   + + .      SeeInvis +   u - +9 quarterstaff (spect)
rCold   + . .      Faith    .   F - +4 tower shield {AC+3}
rNeg    . . .      Spirit   .   I - +2 plate armour of Orthodoxy {Rampage}
rPois   +          Reflect  +   (helmet unavailable)
rElec   +          Harm     .   X - +0 cloak {Will+}
rCorr   +          Rampage  +   B - +2 pair of gloves {archery}
Will    +++..                   K - +0 pair of boots
Stlth   ..........              y - amulet of the Yeti {Reflect Dex+4 SH+5}
HPRegen 0.37/turn               p - ring of protection from fire
MPRegen 0.22/turn               s - ring "Yhoy" {rPois Int+4}

@: resistant, studying Maces & Flails
A: permanent stasis, dig shafts and tunnels, antennae 3, four strong arms
}: 2/15 runes: decaying, serpentine
a: Dig, Shaft Self, Renounce Religion, Depart the Abyss, Bend Space, Banish,
Corrupt, Enter the Abyss, Brand Weapon With Distortion


You were on level 3 of the Elven Halls.
You worshipped Lugonu.
Lugonu was exalted by your worship.
You visited 6 branches of the dungeon, and saw 30 of its levels.
You visited the Abyss 2 times.
You also visited: Gauntlet.

You collected 3641 gold pieces.
You spent 1711 gold pieces at shops.

Inventory:

Hand Weapons
 e - the +14 obsidian axe {vorpal, Mesm Drain Fly SInv}
   (You found it on level 2 of the Snake Pit)

   It inflicts extra damage upon your enemies.
   It occasionally summons demons to assist the wielder when it strikes in
   combat.
   Its wielder is mesmerised by any visible foes.
   It cannot be unequipped while any foes are visible.
   SInv:      It lets you see invisible.
   Fly:       It grants you flight.
   Drain:     It drains your maximum health when unequipped.
 j - a +3 vampiric bardiche
 u - a +9 spectral quarterstaff (weapon)
Missiles
 k - 3 boomerangs of dispersal
 v - 5 curare-tipped darts
 w - 25 javelins
 z - 10 silver boomerangs
 C - 2 throwing nets
 P - 40 poisoned darts (quivered)
Armour
 n - the +7 Kryia's mail coat {PotionHeal*2 rC+}
   (You found it on level 4 of the Dungeon)

   Potions are twice as effective at healing its wearer.
   rC:        It protects you from cold.
 B - a +2 pair of gloves of archery (worn)
 F - a +4 tower shield of protection (worn)
 I - the +2 plate armour of Orthodoxy (worn) {Rampage}
   (You found it on level 4 of the Swamp)

   Rampage:   It bestows one free step when moving towards enemies.
 K - a +0 pair of boots (worn)
 X - a +0 cloak of willpower (worn)
Jewellery
 m - a ring of willpower
 p - a ring of protection from fire (left hand)
 s - the ring "Yhoy" (right hand) {rPois Int+4}
   (You found it on level 2 of the Abyss)

   [ring of poison resistance]

   Int:       It affects your intelligence (+4).
   rPois:     It protects you from poison.
 t - a +4 ring of evasion
 y - the amulet of the Yeti (around neck) {Reflect Dex+4 SH+5}
   (You bought it in a shop on level 3 of the Snake Pit)

   [amulet of reflection]

   It reflects blocked missile attacks.
   Dex:       It affects your dexterity (+4).
   SH:        It affects your SH (+5).
 O - a +6 ring of strength
Wands
 c - a wand of mindburst (41)
 q - a wand of iceblast (22)
 r - a wand of flame (122)
 A - a wand of polymorph (5)
 G - a wand of paralysis (39)
 H - a wand of acid (30)
 N - a wand of digging (5)
Scrolls
 a - 19 scrolls of identify
 f - 5 scrolls of fog
 g - 2 scrolls of brand weapon
 x - 3 scrolls of fear
 J - 4 scrolls of amnesia
 T - 5 scrolls of magic mapping
 Z - 5 scrolls of vulnerability
Potions
 b - 6 potions of flight
 d - 5 potions of mutation
 l - 8 potions of lignification
 o - a potion of brilliance
 D - 2 potions of might
 L - 2 potions of cancellation
 M - 2 potions of invisibility
 U - 2 potions of magic
 V - a potion of ambrosia
 W - a potion of curing
Miscellaneous
 i - a condenser vane (inert)
 Q - a box of beasts (inert)
 R - a lightning rod (3/4)


   Skills:
 + Level 15.7 Fighting
 * Level 15.8(15.9) Polearms
 - Level 2.3(10.9) Staves
 + Level 9.6 Throwing
 + Level 15.4 Armour
 + Level 8.4 Dodging
 - Level 7.9 Stealth
 - Level 15.0 Shields
 + Level 13.7 Invocations
 + Level 9.2 Evocations


You had 19 spell levels left.
You didn't know any spells.
Your spell library contained the following spells:

 Spells                   Type           Power      Damage    Failure   Level
 Animate Skeleton         Necr           0%         N/A       87%         1
 Beastly Appendage        Tmut           0%         N/A       87%         1
 Magic Dart               Conj           0%         1d3       87%         1
 Pain                     Necr           0%         1d4       87%         1
 Shock                    Conj/Air       0%         1d3       87%         1
 Sting                    Tmut/Pois      0%         1d3       87%         1
 Corpse Rot               Necr/Air       N/A        N/A       95%         2
 Ensorcelled Hibernation  Hex/Ice        0%         N/A       95%         2
 Passwall                 Tmut/Erth      0%         N/A       95%         2
 Poisonous Vapours        Pois/Air       0%         N/A       95%         2
 Searing Ray              Conj           0%         2d4       95%         2
 Slow                     Hex            0%         N/A       95%         2
 Static Discharge         Conj/Air       0%         N/A       95%         2
 Wereblood                Tmut           0%         N/A       95%         2
 Call Canine Familiar     Summ           0%         N/A       99%         3
 Confusing Touch          Hex            0%         N/A       99%         3
 Dazzling Flash           Conj/Hex       0%         N/A       99%         3
 Gell's Gravitas          Tloc           0%         N/A       99%         3
 Ozocubu's Armour         Ice            0%         N/A       99%         3
 Portal Projectile        Hex/Tloc       0%         N/A       99%         3
 Spider Form              Tmut/Pois      0%         N/A       99%         3
 Summon Guardian Golem    Hex/Summ       0%         N/A       99%         3
 Teleport Other           Tloc           0%         N/A       99%         3
 Vampiric Draining        Necr           0%         2d6       99%         3
 Airstrike                Air            0%         N/A       100%        4
 Dispel Undead            Necr           0%         3d6       100%        4
 Fulminant Prism          Conj/Hex       0%         3d6       100%        4
 Iskenderun's Mystic Bla  Conj/Tloc      0%         2d3       100%        4
 Leda's Liquefaction      Hex/Erth       0%         N/A       100%        4
 Olgreb's Toxic Radiance  Pois           0%         N/A       100%        4
 Sticky Flame             Conj/Fire      0%         2d3       100%        4
 Summon Lightning Spire   Summ/Air       0%         N/A       100%        4
 Alistair's Intoxication  Tmut/Pois      0%         N/A       100%        5
 Borgnjor's Vile Clutch   Necr/Erth      0%         N/A       100%        5
 Yara's Violent Unravell  Hex/Tmut       0%         3d3       100%        5
 Dispersal                Tloc           0%         N/A       100%        6
 Eringya's Noxious Bog    Tmut/Pois      0%         N/A       100%        6
 Invisibility             Hex            0%         N/A       100%        6
 Starburst                Conj/Fire      0%         6d3       100%        6
 Orb of Destruction       Conj           0%         N/A       100%        7
 Ozocubu's Refrigeration  Ice            0%         4d5       100%        7
 Spellforged Servitor     Conj/Summ      0%         N/A       100%        7
 Storm Form               Tmut/Air       0%         N/A       100%        7
 Maxwell's Capacitive Co  Air            0%         ∞         100%        8
 Swiftness                Air            Unusable   N/A       N/A         3

Dungeon Overview and Level Annotations

Branches:
Dungeon (11/15)            Temple (0/1) D:5            Lair (6/6) D:10
  Swamp (4/4) Lair:2        Snake (4/4) Lair:4        Slime (0/5) Lair:6
    Orc (2/2) D:9             Elf (3/3) Orc:2       Gauntlet (visited)

Altars:
Ashenzari
Cheibriados
Elyvilon
Gozag
Hepliaklqana
Nemelex Xobeh
Ru
Trog
Uskayaw
Wu Jian
Xom
The Shining One
Beogh
Jiyva

Shops:
D:5 (   D:9 (   Orc:2 [[[(   Snake:2 [   Snake:3 =:=

Annotations:
D:11 2 transporters, confidenceinterval's ghost, journeyman GnCj
Orc:2 corrupted
Elf:2 corrupted, 2 runed translucent doors
Elf:3 corrupted
Abyss:1 Louise


Innate Abilities, Weirdness & Mutations

You cannot be hasted, slowed, berserked, paralysed or teleported.
You can dig through walls and to a lower floor.
You have a pair of large antennae on your head. (SInv)
Your four strong arms can wield two-handed weapons with a shield.


Message History

The deep elf high priest mumbles some strange prayers to its god against you.
Something smites you!
* * * LOW HITPOINT WARNING * * *
The earth elemental disappears in a puff of smoke!
The deep elf high priest calls down the wrath of its god upon you.
Something smites you!
* * * LOW HITPOINT WARNING * * *
The deep elf elementalist starts to cry.
Your deep elf zephyrmancer hits the earth elemental with a +0 long sword!
As you read the scroll of fear, it crumbles to dust.
You assume a fearsome visage.
The deep elf high priest resists with almost no effort.
The deep elf high priest looks frightened!
The earth elemental is unaffected. x4
The deep elf elementalist seems to regain its courage.
The earth elemental disappears in a puff of smoke!
The deep elf high priest mumbles some strange prayers to its god.
The deep elf high priest begins emitting a brilliant aura!
You feel better.
Your deep elf zephyrmancer hits the earth elemental with a +0 long sword.
The earth elemental hits your deep elf zephyrmancer!!
Your deep elf zephyrmancer dies!
Your deep elf zephyrmancer's corpse dissolves into shadows!
The earth elemental disappears in a puff of smoke!
The deep elf elementalist is empowered by the deep elf high priest's aura!
The earth elemental disappears in a puff of smoke!
Some walls begin to move on their own!
You hear a shout! x5
The earth elemental disappears in a puff of smoke!
You sock the earth elemental!
The earth elemental is moderately damaged.
Your +9 spectral quarterstaff hits the earth elemental.
The deep elf high priest invokes the aid of its god against you.
Something smites you!
* * * LOW HITPOINT WARNING * * *
You block the earth elemental's attack.
Some walls begin to move on their own!
The deep elf high priest mumbles some strange prayers to its god against you.
The sphere of damnation explodes!
The damnation engulfs you!!!
You die...

..# ##......####..#.......).....
..# #................e.e.....###
.)####<.#.#..###......)........#
.......)#.#..###......e§.......#
.............#.................#
.)......#....#.#......§.......##
..####...............[........#
..# ####..###...§............#
)[## #..#...#@.EE.#........#
.).# #..#..##E..####.#####.#
...######....#####.#...#...##.#
.......##...## ##...###..##.#
.#.###.###.## ##.## ##.##.#
.#.###.# ##.## ##...###.....#
....##.# ##.## ##.#.#.#.#.####
....##.######.###.##.##.##.#
.##.##.#...###.#.###.......#


You could see 2 deep elf high priests and 3 earth elementals.

Vanquished Creatures
  Mara (Elf:3)
  Nikola (Snake:2)
  2 tentacled monstrosities
  A lich (Abyss:2)
  Mlioglotl (Snake:2)
  A deep elf blademaster (Elf:2)
  Kirke (Lair:5)
  2 thorn hunters
  A fenstrider witch (Swamp:1)
  5 nagarajas
  Aizul (Snake:2)
  2 deep elf demonologists
  A very ugly thing (Swamp:4)
  Azrael (Snake:1)
  3 bunyips
  2 green deaths (Swamp:4)
  3 eleionomae (Swamp:4)
  Josephine (Lair:5)
  A fire dragon (Lair:6)
  A deep elf death mage (Elf:1)
  The ghost of TimeIsEndless the Cleaver, a journeyman DDFi of Ru (D:10)
  A shambling mangrove (Swamp:3)
  A great orb of eyes (Swamp:4)
  A peacekeeper (Elf:1)
  2 hell beasts (Swamp:4)
  6 anacondas
  An ice dragon (Lair:6)
  Harold (Orc:1)
  9 naga warriors
  5 salamander tyrants
  13 hydras
  A ghost crab (Swamp:4)
  5 two-headed ogres
  The ghost of arbitraryname the Changer, a novice DgEE (D:9)
  An alligator (Swamp:4)
  17 dancing weapons
  A tengu warrior (D:10)
  14 death yaks
  An orc high priest (Orc:2)
  2 thrashing horrors (Swamp:4)
  Urug (Lair:1)
  5 naga sharpshooters
  5 shock serpents
  A spriggan berserker (Swamp:1)
  10 deep elf knights
  A death drake (Swamp:2)
  6 sea snakes (Snake:3)
  A spriggan druid (Swamp:4)
  4 salamander mystics (Snake:4)
  7 goliath frogs
  8 swamp dragons
  5 bog bodies
  Pikel (D:8)
  13 naga ritualists
  11 deep elf archers
  19 deep elf pyromancers
  A necromancer (Gauntlet)
  9 deep elf zephyrmancers
  13 mana vipers
  A manticore (D:11)
  5 ugly things (Swamp:4)
  An oklob plant (Lair:1)
  6 will-o-the-wisps
  Maurice (Orc:1)
  4 orc sorcerers
  A moth of wrath (D:10)
  11 salamanders
  47 black mambas
  An ice statue (Gauntlet)
  3 guardian serpents
  Joseph (D:8)
  10 elephants
  10 torpor snails (Lair:6)
  15 naga magi
  A smoke demon (Abyss:2)
  2 large abominations
  3 orange demons
  Maggie (D:8)
  8 cane toads
  7 rime drakes
  2 unseen horrors (D:11)
  An ancient zyme (Abyss:2)
  6 komodo dragons
  3 ice devils
  13 tyrant leeches
  10 trolls
  7 polar bears
  14 hornets
  10 slime creatures
  2 saltlings (Elf:1)
  6 blink frogs (Lair:6)
  22 dream sheep
  A spriggan (Swamp:3)
  3 shadows (Swamp:4)
  3 water elementals
  The ghost of Heedrag the Conjurer, an amateur DECj of Vehumet (D:4)
  3 wraiths (Lair:5)
  3 air elementals
  A vampire (D:10)
  2 wyverns
  4 fire elementals
  4 hogs (Lair:5)
  37 yaks
  5 basilisks
  Eustachio (D:6)
  5 vampire mosquitoes
  A chaos spawn (Abyss:2)
  A neqoxec (Abyss:2)
  4 steam dragons
  14 swamp worms
  6 wargs
  39 nagas
  2 acid dragons
  15 water moccasins
  4 hell hounds
  37 orc warriors
  A hornet zombie (D:8)
  An ice beast (D:7)
  5 black bears
  2 swamp drakes (Lair:6)
  A necrophage (D:6)
  8 ogres
  11 wolves
  8 centaurs
  2 phantoms
  3 lemures (D:8)
  9 bullfrogs
  2 kobold brigands
  A small abomination (Abyss:2)
  2 earth elementals (Elf:2)
  A gnoll sergeant (D:9)
  2 water moccasin zombies
  A scorpion (D:5)
  A water moccasin skeleton (D:3)
  7 wights
  4 howler monkeys
  5 killer bees (D:9)
  An electric eel (D:10)
  2 centaur zombies
  A lava snake (Lair:2)
  6 hounds
  20 orc priests
  2 jellies
  3 bullfrog skeletons
  3 centaur skeletons (D:4)
  22 orc wizards
  7 iguanas
  2 killer bee zombies
  A mummy (D:4)
  A howler monkey zombie (D:7)
  5 gnolls
  8 adders
  2 shadow imps
  4 white imps (Gauntlet)
  A worm (D:5)
  A dart slug (D:2)
  87 orcs
  4 bats
  7 endoplasms
  A giant cockroach (D:1)
  9 goblins
  3 hobgoblins
  16 kobolds
  3 quokkas
  A ball python (D:2)
  7 frilled lizards
  4 rats
  2 briar patches (Swamp:3)
  2 bushes
983 creatures vanquished.

Vanquished Creatures (collateral kills)
  A naga ritualist (Snake:4)
  A lindwurm (Lair:6)
  3 black mambas (Snake:1)
  A torpor snail (Lair:6)
  A fire elemental (Snake:1)
7 creatures vanquished.

Vanquished Creatures (others)
  Jorgrun (Elf:2)
  Agnes (Elf:2)
  An orc warlord (Orc:2)
  A deep elf demonologist (Elf:3)
  A naga warrior (Snake:4)
  16 dancing weapons
  A two-headed ogre (D:10)
  An orc high priest (Elf:3)
  6 deep elf knights
  3 deep elf archers (Elf:3)
  A naga ritualist (Snake:2)
  A death drake (shapeshifter) (Elf:3)
  11 deep elf zephyrmancers
  An orc sorcerer (Orc:2)
  A mana viper (Snake:2)
  13 deep elf pyromancers
  2 salamanders
  4 black mambas (Snake:2)
  A cane toad (shapeshifter) (Elf:1)
  A troll (D:10)
  2 bloated husks
  A tyrant leech (Swamp:4)
  A fire elemental (Elf:3)
  A warg (Elf:3)
  A swamp worm (Swamp:1)
  8 orc warriors
  A howler monkey (D:10)
  A hound (D:10)
  An orc wizard (Orc:2)
  5 orcs
  A quokka (D:8)
  4 briar patches
  17 foxfires
  24 fungi
  82 plants
  25 starspawn tentacles
243 creatures vanquished.

Grand Total: 1233 creatures vanquished

Notes
Turn   | Place    | Note
-------+----------+-------------------------------------------
     0 | Abyss:1  | Dabor the Formicid Abyssal Knight began the quest for the
                  | Orb.
     0 | Abyss:1  | Reached XP level 1. HP: 18/18 MP: 2/2
   108 | Abyss:1  | Noticed a small abomination
   124 | Abyss:1  | Noticed a wretched star
   128 | D:1      | Escaped the Abyss
   246 | D:1      | Reached skill level 1 in Dodging
   443 | D:1      | Reached XP level 2. HP: 19/24 MP: 3/3
  1003 | D:1      | Reached * piety under Lugonu
  1009 | D:1      | Reached XP level 3. HP: 23/29 MP: 4/4
  1646 | D:2      | Found a faded altar of an unknown god.
  1739 | D:2      | Reached XP level 4. HP: 25/37 MP: 6/6
  2699 | D:3      | Reached skill level 1 in Throwing
  2699 | D:3      | Reached skill level 1 in Stealth
  2699 | D:3      | Reached XP level 5. HP: 29/42 MP: 7/7
  3334 | D:4      | Noticed a phantom
  3555 | D:4      | Found a transporter.
  3558 | D:4      | Found a transporter.
  3558 | D:4      | Noticed Heedrag's ghost (amateur DECj)
  4205 | D:4      | Found the +7 Kryia's mail coat {PotionHeal*2 rC+}
  4602 | D:5      | Entered Level 5 of the Dungeon
  4674 | D:5      | Reached XP level 6. HP: 47/48 MP: 8/8
  4696 | D:5      | Identified the +1 ring mail of Gluttony {Dex+7}
  5159 | D:5      | Found Laisejaj's Antique Weapon Boutique.
  5163 | D:5      | Bought a runed trident for 117 gold pieces
  5418 | D:5      | Reached XP level 7. HP: 55/55 MP: 9/9
  5421 | D:5      | Found a staircase to the Ecumenical Temple.
  5466 | D:5      | Found a sacrificial altar of Ru.
  5479 | D:5      | Found a snail-covered altar of Cheibriados.
  6073 | D:6      | Noticed a water moccasin
  6099 | D:6      | Killed a water moccasin
  6403 | D:6      | Reached ** piety under Lugonu
  7049 | D:6      | Reached XP level 8. HP: 53/61 MP: 8/11
  7202 | D:6      | Noticed Eustachio
  7225 | D:6      | Killed Eustachio
  7358 | D:6      | Reached skill level 5 in Fighting
  7358 | D:6      | Reached skill level 5 in Polearms
  8423 | D:7      | Reached XP level 9. HP: 67/68 MP: 10/12
  8801 | D:7      | Reached skill level 5 in Invocations
  9211 | D:7      | Found a sparkling altar of Nemelex Xobeh.
  9380 | D:8      | Found a white marble altar of Elyvilon.
  9505 | D:8      | Noticed Pikel
  9506 | D:8      | Noticed Maggie
  9507 | D:8      | Reached skill level 5 in Stealth
  9551 | D:8      | Reached skill level 5 in Armour
  9626 | D:8      | Reached *** piety under Lugonu
  9645 | D:8      | Identified a scroll of acquirement
  9645 | D:8      | Acquired a +0 pair of gloves of stealth
  9648 | D:8      | Killed Maggie
 10406 | D:4      | Killed Heedrag's ghost
 10413 | D:4      | Reached XP level 10. HP: 57/76 MP: 12/14
 10677 | D:8      | Killed Pikel
 10909 | D:8      | Noticed Joseph
 10935 | D:8      | Killed Joseph
 11592 | D:9      | Found Cuecor's Weapon Boutique.
 11952 | D:9      | Found a runed translucent door.
 11969 | D:9      | Noticed arbitraryname's ghost (novice DgEE)
 11983 | D:9      | Killed arbitraryname's ghost
 11984 | D:9      | Reached skill level 5 in Throwing
 12067 | D:9      | Reached skill level 5 in Dodging
 12181 | D:9      | Reached XP level 11. HP: 73/84 MP: 14/16
 12353 | D:9      | Identified the +9 rapier of Mayhem {vorpal, rElec Dex+4}
 12495 | D:9      | Found a staircase to the Orcish Mines.
 13173 | Orc:1    | Entered Level 1 of the Orcish Mines
 13184 | Orc:1    | Noticed Harold
 13185 | Orc:1    | Noticed Maurice
 13195 | Orc:1    | Killed Harold
 13195 | Orc:1    | Reached **** piety under Lugonu
 13212 | Orc:1    | Killed Maurice
 13507 | Orc:1    | Noticed an orc sorcerer
 13541 | Orc:2    | Entered Level 2 of the Orcish Mines
 13846 | Orc:1    | Banished an orc sorcerer
 15009 | Orc:2    | Reached skill level 1 in Shields
 15453 | Orc:2    | Reached XP level 12. HP: 43/93 MP: 10/17
 15720 | Orc:2    | Found Koepn's Antique Armour Boutique.
 15746 | Orc:2    | Bought a pair of embroidered gloves for 217 gold pieces
 16104 | Orc:2    | Found a staircase to the Elven Halls.
 16177 | Orc:2    | Reached ***** piety under Lugonu
 16294 | Orc:2    | Noticed an orc warlord
 16362 | Orc:2    | Corrupted Orc:2
 16362 | Orc:2    | Noticed a tentacled starspawn
 16375 | Orc:2    | Killed an orc warlord
 16866 | Orc:1    | Reached skill level 10 in Polearms
 16988 | Orc:2    | Noticed an orc high priest
 16999 | Orc:2    | Killed an orc high priest
 17311 | Orc:2    | Noticed an orc warlord
 17483 | Orc:2    | Banished an orc warlord
 17651 | Orc:2    | Noticed a sun demon
 17759 | Orc:2    | Found Kystrom's Antique Weapon Shop.
 17763 | Orc:2    | Found Vawneam's Antique Armour Boutique.
 17784 | Orc:2    | Bought a runed tower shield for 240 gold pieces
 18000 | Orc:2    | Found Loppal's Antique Armour Boutique.
 18284 | D:10     | Entered Level 10 of the Dungeon
 18322 | D:10     | Killed a two-headed ogre
 18338 | D:10     | Reached XP level 13. HP: 93/102 MP: 17/19
 18607 | D:10     | Found a staircase to the Lair.
 18800 | D:10     | Found a broken altar of Ashenzari.
 18800 | D:10     | Found a hide-covered altar of Uskayaw.
 18800 | D:10     | Found a glowing golden altar of the Shining One.
 18801 | D:10     | Found an ornate altar of the Wu Jian Council.
 19066 | D:10     | Reached skill level 10 in Fighting
 19195 | D:10     | Found a transporter.
 19201 | D:10     | Noticed TimeIsEndless's ghost (journeyman DDFi)
 19203 | D:10     | Found a bloodstained altar of Trog.
 19234 | D:10     | Found a transporter.
 19481 | D:10     | Found a shimmering altar of Xom.
 19719 | D:11     | Found a transporter.
 19720 | D:11     | Noticed a four-headed hydra
 19737 | D:11     | Noticed confidenceinterval's ghost (journeyman GnCj)
 19984 | D:11     | Reached skill level 10 in Armour
 20166 | D:11     | Reached skill level 5 in Shields
 20503 | D:11     | Found a transporter.
 20925 | Lair:1   | Entered Level 1 of the Lair of Beasts
 21163 | Lair:1   | Noticed Urug
 21176 | Lair:1   | Killed Urug
 21333 | Lair:1   | Noticed a six-headed hydra
 21344 | Lair:1   | Killed a six-headed hydra
 21345 | Lair:1   | Reached skill level 1 in Evocations
 22490 | Lair:2   | Reached XP level 14. HP: 101/111 MP: 19/21
 22551 | Lair:2   | Found a staircase to the Swamp.
 22759 | Lair:2   | Reached skill level 10 in Invocations
 23691 | D:10     | Killed TimeIsEndless's ghost
 24427 | Lair:3   | Found a gate leading to a gauntlet.
 24442 | Gauntlet | Entered a Gauntlet
 24442 | Gauntlet | Found a transporter.
 24442 | Gauntlet | Found a transporter.
 24444 | Gauntlet | Found a transporter.
 24445 | Gauntlet | Found a transporter.
 24448 | Gauntlet | Found a transporter.
 24448 | Gauntlet | Found a transporter.
 24482 | Gauntlet | Found a transporter.
 24485 | Gauntlet | Found a transporter.
 24488 | Gauntlet | Noticed an entropy weaver
 24497 | Gauntlet | Found a transporter.
 24513 | Gauntlet | Found a transporter.
 24531 | Gauntlet | Found a transporter.
 24531 | Gauntlet | Found a transporter.
 24572 | Gauntlet | Reached ****** piety under Lugonu
 25214 | Gauntlet | Noticed a minotaur
 25216 | Gauntlet | Banished a minotaur
 25630 | Lair:3   | Found a hazy altar of Hepliaklqana.
 26070 | Lair:4   | Found a staircase to the Snake Pit.
 26577 | Lair:4   | Reached XP level 15. HP: 115/120 MP: 20/22
 26936 | Lair:4   | You fall into a shaft and drop 2 floors!
 26936 | Lair:6   | Entered Level 6 of the Lair of Beasts
 27293 | Lair:6   | Found a runed translucent door.
 28045 | Lair:5   | Noticed Kirke
 28380 | Lair:5   | Noticed Josephine
 28399 | Lair:5   | Killed Josephine
 28537 | Lair:5   | Noticed a sphinx
 28554 | Lair:5   | Killed Kirke
 28555 | Lair:5   | Reached skill level 10 in Shields
 29870 | Lair:6   | Found a viscous altar of Jiyva.
 29870 | Lair:6   | Found a staircase to the Slime Pits.
 29960 | Lair:5   | Reached skill level 5 in Evocations
 30533 | Lair:6   | Reached XP level 16. HP: 71/129 MP: 22/24
 31528 | Lair:6   | Found a snail-covered altar of Cheibriados.
 31714 | Lair:6   | Found a hazy altar of Hepliaklqana.
 31955 | Lair:6   | Identified the +7 dire flail of Zasyejun {flame, Dex+8}
 32599 | Elf:1    | Entered Level 1 of the Elven Halls
 32759 | Elf:1    | You fall into a shaft and drop 1 floor!
 32790 | Elf:2    | HP: 6/131 [poisoned by a +1 halberd of venom]
 35906 | Elf:2    | Noticed a deep elf blademaster
 35913 | Elf:2    | Noticed Jorgrun
 35920 | Elf:2    | Corrupted Elf:2
 35920 | Elf:2    | Noticed a tentacled starspawn
 35921 | Elf:2    | Killed a deep elf blademaster
 35923 | Elf:2    | Reached XP level 17. HP: 81/138 MP: 10/25
 35925 | Elf:2    | Found a runed translucent door.
 35925 | Elf:2    | Found a runed translucent door.
 35930 | Elf:2    | Noticed a tentacled starspawn
 35932 | Elf:2    | Killed Jorgrun
 35956 | Elf:2    | Noticed Agnes
 35980 | Elf:2    | Noticed a tentacled starspawn
 35986 | Elf:2    | Killed Agnes
 35987 | Elf:2    | HP: 2/138 [tentacled starspawn collision (11)]
 35988 | Elf:2    | Noticed a lich
 37260 | Elf:3    | Entered Level 3 of the Elven Halls
 37365 | Elf:3    | Corrupted Elf:3
 37367 | Elf:3    | Noticed a tentacled starspawn
 37419 | Elf:3    | Noticed a tentacled starspawn
 37793 | Elf:3    | Noticed Louise
 37797 | Elf:3    | Cast into level 2 of the Abyss (Louise)
 37845 | Abyss:2  | Identified the ring "Yhoy" {rPois Int+4}
 37867 | Abyss:2  | Noticed a tentacled monstrosity
 37939 | Abyss:2  | Noticed a lich
 37949 | Abyss:2  | Killed a lich
 37994 | Elf:3    | Escaped the Abyss
 38001 | Elf:3    | Banished Louise
 38876 | Elf:3    | Noticed Mara
 38886 | Elf:3    | Noticed Dabor's illusion
 39081 | Elf:3    | Noticed Dabor's illusion
 39388 | Elf:3    | Noticed Dabor's illusion
 39698 | Elf:3    | Noticed Dabor's illusion
 39963 | Elf:3    | Noticed Dabor's illusion
 40184 | Elf:3    | Noticed Dabor's illusion
 40579 | Elf:3    | Noticed Dabor's illusion
 41057 | Swamp:1  | Entered Level 1 of the Swamp
 41447 | Swamp:1  | Noticed a thorn hunter
 41457 | Swamp:1  | Killed a thorn hunter
 41770 | Swamp:1  | Noticed a tentacled monstrosity
 41783 | Swamp:1  | Killed a tentacled monstrosity
 42604 | Swamp:2  | Found an opulent altar of Gozag.
 43106 | Swamp:3  | Noticed a thorn hunter
 43123 | Swamp:3  | Killed a thorn hunter
 43946 | Swamp:3  | Reached XP level 18. HP: 147/147 MP: 27/27
 44123 | Swamp:3  | Noticed a tentacled monstrosity
 44134 | Swamp:3  | Killed a tentacled monstrosity
 44276 | Swamp:4  | Entered Level 4 of the Swamp
 45417 | Swamp:4  | Identified the +2 plate armour of Orthodoxy {Rampage}
 45654 | Swamp:4  | Got a decaying rune of Zot
 46326 | Snake:1  | Entered Level 1 of the Snake Pit
 46340 | Snake:1  | Reached skill level 15 in Fighting
 46380 | Snake:1  | Noticed Azrael
 46591 | Snake:1  | Killed Azrael
 47091 | Snake:1  | Reached skill level 15 in Polearms
 47115 | Snake:1  | Reached XP level 19. HP: 99/155 MP: 24/28
 47540 | Snake:2  | Found Nuez's Armour Emporium.
 47548 | Snake:2  | Bought a +0 cloak of willpower for 184 gold pieces
 47569 | Snake:2  | Found the +14 obsidian axe {vorpal, Mesm Drain Fly SInv}
 47622 | Snake:2  | Reached skill level 1 in Staves
 48902 | Snake:2  | Noticed Nikola
 48938 | Snake:2  | Killed Nikola
 49414 | Snake:2  | Reached skill level 15 in Armour
 49419 | Snake:2  | Noticed Mlioglotl
 49429 | Snake:2  | Killed Mlioglotl
 49605 | Snake:2  | Noticed Aizul
 49617 | Snake:2  | Killed Aizul
 51568 | Snake:3  | Found Yheame's Jewellery Shop.
 51569 | Snake:3  | Found Fimoeti's Book Shoppe.
 51570 | Snake:3  | Found Ehyal's Jewellery Shop.
 51585 | Snake:3  | Bought the amulet of the Yeti {Reflect Dex+4 SH+5} for 953
                  | gold pieces
 52165 | Snake:4  | Entered Level 4 of the Snake Pit
 52387 | Snake:4  | Identified the ring "Xiatayt" {rF+ rC+ Will- Dex+4}
 52838 | Snake:4  | Reached XP level 20. HP: 148/163 MP: 30/30
 53651 | Snake:4  | Reached skill level 15 in Shields
 54460 | Snake:4  | Got a serpentine rune of Zot
 55052 | Elf:3    | Killed Mara
 55245 | Elf:3    | Noticed a Brimstone Fiend
 55269 | Elf:3    | Killed from afar by a deep elf high priest

Illustrated notes

Levels and vault maps discovered:
D:1:      dpeg_chamrin_arrival_tetris, layout_loops_ring, minmay_misc_feat_chi
D:2:      layout_rooms, shapermc_ecumenical_altar_notcrosses
D:3:      layout_basic, minmay_surrounded
D:4:      layout_loops_ring, gammafunk_ghost_mausoleum, minmay_statues_item
D:5:      layout_loops_corners, slow_altar_1, nicolae_ru_path_of_blood,
          minmay_temple_entry_offerings, serial_shops, shop
D:6:      layout_basic, minmay_splitting_lines, st_stairs_12, uniq_eustachio
D:7:      layout_rooms, nemelex_dance_club_becter, minmay_misc_feat_encased
D:8:      layout_loops_ring, elyvilon_altar_4, uniq_pikel, uniq_joseph,
          uniq_maggie
D:9:      layout_loops_ring, minmay_orc_entry_guard_dogs,
          ebering_ghost_reflecting_pool, serial_shops, nicolae_square_shop
D:10:     layout_loops_corners, grunt_temple_overflow_open, xom_confusion_cloud,
          erik_lair_island, gammafunk_ghost_wrathful_warriors
D:11:     layout_loops_corners, gammafunk_ghost_berserking_beasts
Lair:1:   layout_chaotic_city, minmay_lair_oklob_items, beast_lair_carwin_11,
          grunt_megastairs_3, uniq_urug
Lair:2:   layout_gridlike, minmay_swamp_entry_swarm, minivault_24
Lair:3:   layout_hall_layers, basic_altar, gauntlet_entry_generic,
          grunt_megastairs_2, infiniplex_staircase_pool, serial_bayou_shore_b
Lair:4:   layout_layer_cave, guppyfry_snake_entry_garden
Lair:5:   layout_roguey, cheibrodos_lair_lostbears, uniq_josephine, uniq_kirke
Lair:6:   wormcave, layout_cave_pods, guppyfry_lair_end_dragon, slime_altar_1,
          basic_altar, kennysheep_snail_temple
Swamp:1:  layout_basic_swamp, serial_swamp_ruin, evilmike_swamp_ruin_rubble_2,
          evilmike_swamp_ruin_house_3
Swamp:2:  layout_falls_marsh, lemuel_altar_in_water, infiniplex_staircase_pool_2
Swamp:3:  layout_basic_swamp, evilmike_swamp_ruin_wall
Swamp:4:  swamp_vile, layout_basic_swamp
Snake:1:  layout_onion_interference, drop_trap, uniq_azrael
Snake:2:  layout_chambers, serial_shops, nicolae_shop_statue_plus, uniq_aizul,
          uniq_nikola, uniq_mlioglotl
Snake:3:  layout_chambers, serial_bayou_shore_a, lemuel_fruit_tree,
          serial_bayou_shore_b, minmay_shop_grove
Snake:4:  johnstein_snake_rune_scales, layout_cave_town
Orc:1:    layout_diamond_mine, nicolae_orc_tapped_out, uniq_harold, uniq_maurice
Orc:2:    grunt_orc_community_town_hall, layout_caves,
          grunt_orc_community_big_house_1, grunt_orc_community_big_house_2,
          grunt_orc_community_house_1, grunt_orc_community_house_3,
          grunt_orc_community_house_1, grunt_orc_community_house_1,
          portal_ice_cave_demonic_guard, minmay_orc_keep
Elf:1:    nicolae_elf_arrival_fired_up, layout_rooms,
          portal_desolation_entry_salt, evilmike_minifort
Elf:2:    elven_hall_of_blades_hangedman_original
          [nicolae_blade_entry_area_security], layout_geoelf_grid,
          nicolae_elf_big_sculpture_2, drop_trap, uniq_agnes, uniq_jorgrun
Elf:3:    elf_hall, layout_loops_cross, st_stairs_12, sword_in_stone, uniq_mara

Skill      XL: |  1  2  3  4  5  6  7  8  9 10 11 12 13 14 15 16 17 18 19 20 |
---------------+-------------------------------------------------------------+-----
Dodging        | 1 2 3 4 5 6 7 8 |  8.4
Polearms       | 3 4 5 6 8 9 10 11 12 13 14 15 | 15.8
Throwing       | 1 2 3 4 5 6 7 8 9 |  9.6
Stealth        | 1 2 3 4 5 6 7 |  7.9
Invocations    | 3 4 5 6 7 9 10 11 12 13 | 13.7
Fighting       | 4 5 6 7 8 9 10 12 13 14 15 | 15.7
Armour         | 3 4 5 6 7 9 10 11 12 13 14 15 | 15.4
Shields        | 1 2 6 8 10 11 12 13 14 15 | 15.0
Evocations     | 1 3 5 6 7 8 9 |  9.2
Staves         | 2 |  2.3

Action                   |  1- 3 |  4- 6 |  7- 9 | 10-12 | 13-15 | 16-18 | 19-21 || total
-------------------------+-------+-------+-------+-------+-------+-------+-------++-------
Melee: Spear             |   134 |   207 |       |       |       |       |       ||   341
       Trident           |       |    20 |   407 |    77 |       |       |       ||   504
       Quarterstaff      |       |       |       |   534 |   936 |  1046 |   553 ||  3069
       Rapier            |       |       |       |     9 |       |       |       ||     9
       Halberd           |       |       |       |       |     7 |       |       ||     7
       Unarmed           |       |       |       |       |     5 |       |       ||     5
Throw: Dart              |       |       |     9 |   190 |   116 |    71 |    17 ||   403
       Javelin           |       |       |     5 |     5 |       |    26 |    11 ||    47
       Throwing net      |       |       |       |     2 |       |       |       ||     2
       Boomerang         |       |       |       |     1 |       |     3 |     3 ||     7
Invok: Depart the Abyss  |     1 |       |       |       |       |     1 |       ||     2
       Bend Space        |       |       |     2 |       |     1 |       |     1 ||     4
       Banish            |       |       |       |     3 |     3 |     3 |       ||     9
       Corrupt           |       |       |       |     1 |       |     2 |       ||     3
 Abil: Dig               |       |       |     1 |     2 |     4 |    14 |    10 ||    31
Evoke: Wand              |       |       |       |       |     3 |    15 |     1 ||    19
       Lightning rod     |       |       |       |       |     4 |    16 |     8 ||    28
       Box of beasts     |       |       |       |       |     2 |     4 |     4 ||    10
       Condenser vane    |       |       |       |       |       |       |     2 ||     2
  Use: Scroll            |       |    10 |     7 |     8 |    13 |     7 |     4 ||    49
       Potion            |       |     2 |     5 |     2 |     7 |     6 |     5 ||    27
 Stab: Distracted        |       |       |     1 |     4 |    14 |    23 |     9 ||    51
       Sleeping          |       |       |       |     1 |     5 |     2 |       ||     8
       Confused          |       |       |       |       |     2 |       |       ||     2
Armor: Ring mail         |    31 |    12 |       |       |       |       |       ||    43
       Leather armour    |     2 |       |       |       |       |       |       ||     2
       Skin              |       |    33 |    37 |       |       |       |       ||    70
       Chain mail        |       |    38 |       |       |       |       |       ||    38
       Scale mail        |       |    32 |   173 |   280 |   363 |   256 |       ||  1104
       Plate armour      |       |       |       |       |       |   104 |    97 ||   201
Dodge: Dodged            |    50 |    73 |   256 |   485 |   342 |   348 |    81 ||  1635
Block: Buckler           |       |       |       |    67 |     1 |       |       ||    68
       Tower shield      |       |       |       |    31 |   820 |   922 |   466 ||  2239
       Reflection        |       |       |       |       |       |       |    45 ||    45

Table legend: (Time is in decaauts)
 A = Elapsed time spent in this place.
 B = Non-inter-level travel time spent in this place.
 C = Inter-level travel time spent in this place.
 D = Time resting spent in this place.
 E = Time spent auto-exploring this place.
 F = Levels seen in this place.
 G = Mean time per level.
                   A        B        C        D        E       F      G
               +--------+--------+--------+--------+--------+-----+--------+
         Total |  55666 |  52273 |   3393 |  17765 |  22364 |  33 | 1686.8 |
       Dungeon |  16829 |  15286 |   1543 |   3493 |   8536 |  11 | 1529.9 |
          Lair |  11020 |  10068 |    952 |   2698 |   5099 |   6 | 1836.7 |
         Swamp |   5455 |   5265 |    190 |   1395 |   2806 |   4 | 1363.8 |
     Snake Pit |   7718 |   7542 |    176 |   2946 |   2916 |   4 | 1929.5 |
  Orcish Mines |   5152 |   4783 |    369 |   1809 |   1503 |   2 | 2576.0 |
   Elven Halls |   8285 |   8125 |    160 |   4929 |   1354 |   3 | 2761.7 |
         Abyss |    324 |    324 |      0 |      0 |    112 |   2 |  162.0 |
      Gauntlet |    880 |    880 |      0 |    493 |     36 |   1 |  880.0 |
               +--------+--------+--------+--------+--------+-----+--------+

Top non-repeatable levels by time:
   Elf:2: 4202 daAuts
   Orc:2: 3193 daAuts
  Lair:6: 2878 daAuts
 Snake:2: 2556 daAuts
 Snake:4: 2474 daAuts
  Lair:4: 2250 daAuts
   Elf:1: 2236 daAuts
     D:6: 2225 daAuts
    D:10: 2096 daAuts
 Swamp:4: 2044 daAuts
   Orc:1: 1958 daAuts
     D:9: 1892 daAuts
  Lair:5: 1890 daAuts
   Elf:3: 1846 daAuts
 Snake:3: 1754 daAuts
